 Dungeon Crawl Stone Soup version 0.27-a0-1184-ge86db4a01e (webtiles) character file.

Game seed: 1518035075358854975

18 bande the Skirmisher (level 2, 18/18 HPs)
             Began as a Gargoyle Fighter on May 18, 2021.
             Quit the game on level 1 of the Dungeon.
             The game lasted 00:01:56 (409 turns).

bande the Skirmisher (Gargoyle Fighter)              Turns: 409, Time: 00:01:56

Health: 18/18      AC:  9    Str: 17    XL:     2   Next: 70%
Magic:  2/2        EV:  7    Int:  8    God:
Gold:   15         SH:  9    Dex: 11    Spells: 1/1 levels left

rFire    + . .     SeeInvis .   a - +0 war axe
rCold    . . .     Faith    .   c - +0 kite shield
rNeg     + . .     Spirit   .   b - +0 scale mail
rPois    ∞         Reflect  .   (no helmet)
rElec    +         Harm     .   (no cloak)
rCorr    .         Rampage  .   (no gloves)
Will     .....                  (no boots)
Stlth    ..........             (no amulet)
HPRegen  0.06/turn              (no ring)
MPRegen  0.08/turn              (no ring)

@: no status effects
A: sickness immunity, AC +2, negative energy resistance 1, electricity
resistance, torment resistance 1, petrification resistance, agile 1, fire
resistance 1, frail 1, weak 1
a: no special abilities


You were on level 1 of the Dungeon.
You visited 1 branch of the dungeon, and saw 1 of its levels.

You collected 15 gold pieces.

Inventory:

Hand Weapons
 a - a +0 war axe (weapon)
Armour
 b - a +0 scale mail (worn)
 c - a +0 kite shield (worn)
Potions
 d - a potion of might


   Skills:
 + Level 3.7 Fighting
 + Level 1.9 Axes
 + Level 3.6 Armour
 + Level 3.5 Shields


You had one spell level left.
You didn't know any spells.
Your spell library was empty.

Dungeon Overview and Level Annotations

Branches:
Dungeon (1/15)

Altars:

Shops:
D:1 *


Innate Abilities, Weirdness & Mutations

You are immune to sickness and miasma.
Your stone body is resilient. (AC +2)
You are immune to poison.
You resist negative energy. (rN+)
You are resistant to electric shocks. (rElec)
You are resistant to unholy torment.
You are immune to petrification.
You are agile. (Dex +2)
Your flesh is heat resistant. (rF+)
You are frail. (-10% HP)
You are weak. (Str -2)


Message History

f - an orange potion The endoplasm quivers.
An endoplasm is nearby!
No target in view!
No target in view!
No target in view!
No target in view!
No target in view!
No target in view!
No target in view!
No target in view!
No target in view!
No target in view!
Found 17 stones.
You hit the endoplasm.
The endoplasm is moderately wounded.
The endoplasm freezes you.
You are frozen.
The endoplasm hits you but does no damage.
You slash the endoplasm!
You kill the endoplasm!
No target in view!
No target in view!
No target in view!
No target in view!
No target in view!
A hobgoblin comes into view.
The hobgoblin shouts!
You see here a book of Misfortune.
As you read the scroll labelled VILICU DEKOH, it crumbles to dust.
It is a scroll of identify.
f - a potion of mutation Drop what? 5/52 slots (_ for help) (? for menu, Esc to quit)
You drop a potion of mutation.
f - a potion of mutation Really quaff the potion of mutation?
You feel extremely strange.
You feel weaker.
You feel resistant to heat.
You feel frail.
You feel agile.
Okay, then.
Are you sure you want to abandon this character and quit the game? (Confirm with "yes".)

......
#..........[...#.
..###..#...#.....)###.#
. ###.#........#...#.#
....#........#.... #
#...............
#...........##..
##.....######
######..........#
.(.....@...####.#
#######g.### #...#
.....# .....# ...##.#
.... ## ..... ......


You could see a hobgoblin.

Vanquished Creatures
  A dart slug (D:1)
  2 ball pythons (D:1)
  3 bats (D:1)
  2 endoplasms (D:1)
  A giant cockroach (D:1)
  2 goblins (D:1)
  A hobgoblin (D:1)
  A kobold (D:1)
  A frilled lizard (D:1)
  A rat (D:1)
15 creatures vanquished.

Notes
Turn   | Place    | Note
-------+----------+-------------------------------------------
     0 | D:1      | bande the Gargoyle Fighter began the quest for the Orb.
     0 | D:1      | Reached XP level 1. HP: 14/14 MP: 1/1
    37 | D:1      | Found Ydiduale's General Store.
    46 | D:1      | Reached XP level 2. HP: 8/19 MP: 2/2
   408 | D:1      | Gained mutation: You are weak. (Str -2) [potion of
                  | mutation]
   408 | D:1      | Gained mutation: Your flesh is heat resistant. (rF+)
                  | [potion of mutation]
   408 | D:1      | Gained mutation: You are frail. (-10% HP) [potion of
                  | mutation]
   408 | D:1      | Gained mutation: You are agile. (Dex +2) [potion of
                  | mutation]
   409 | D:1      | Quit the game

Illustrated notes

Levels and vault maps discovered:
D:1:      dpeg_arrival_leaves_temple_mockup, layout_rooms, serial_shops, shop,
          hellmonk_ecumenical_altar_prayer_group, minmay_tetromino_i4

Action                   || total
-------------------------++-------
Melee: War axe           ||    46
  Use: Scroll            ||     1
       Potion            ||     1
Armor: Scale mail        ||    35
Dodge: Dodged            ||    25
Block: Kite shield       ||    42

Table legend: (Time is in decaauts)
 A = Elapsed time spent in this place.
 B = Non-inter-level travel time spent in this place.
 C = Inter-level travel time spent in this place.
 D = Time resting spent in this place.
 E = Time spent auto-exploring this place.
 F = Levels seen in this place.
 G = Mean time per level.
                   A        B        C        D        E       F      G
               +--------+--------+--------+--------+--------+-----+--------+
         Total |    437 |    437 |      0 |    215 |     93 |   1 |  437.0 |
       Dungeon |    437 |    437 |      0 |    215 |     93 |   1 |  437.0 |
               +--------+--------+--------+--------+--------+-----+--------+

Top non-repeatable levels by time:
     D:1: 437 daAuts
